 Dungeon Crawl Stone Soup version 0.30.0 (webtiles) character file.

Game seed: 5564304456294511450

121 Persephone the Shooter (level 5, -5/39 HPs)
             Began as a Formicid Hunter on May 5, 2023.
             Slain by a gnoll
             ... wielding a +1 flail of protection
              (8 damage)
             ... on level 3 of the Dungeon on May 6, 2023.
             The game lasted 00:04:26 (1561 turns).

Persephone the Shooter (Formicid Hunter)            Turns: 1561, Time: 00:04:26

Health: -5/39      AC: 11    Str: 16    XL:     5   Next: 26%
Magic:  5/5        EV: 10    Int:  8    God:
Gold:   81         SH:  0    Dex: 19    Spells: 4/4 levels left

rFire   . . .        a - +0 shortbow
rCold   . . .        (no shield)
rNeg    . . .        e - +0 plate armour
rPois   .            (helmet unavailable)
rElec   .            m - scarf {harm}
rCorr   .            (no gloves)
SInv    +            n - +0 pair of boots
Will    .....        (no amulet) Stlth
                     j - +5 ring of evasion
HPRegen 0.26/turn    (no ring)
MPRegen 0.09/turn

%: harm (+30% outgoing, +20% incoming)
@: no status effects
A: permanent stasis, dig shafts and tunnels, antennae 3, four strong arms
a: Dig, Shaft Self


You were on level 3 of the Dungeon.
You visited 1 branch of the dungeon, and saw 3 of its levels.

You collected 81 gold pieces.

Inventory:

Hand Weapons
 a - a +0 shortbow (weapon)
Armour
 c - a +0 leather armour
 e - a +0 plate armour (worn)
 h - a +2 pair of boots
 m - a scarf of harm (worn)
 n - a +0 pair of boots (worn)
Jewellery
 j - a +5 ring of evasion (left hand)
 k - an amulet of magic regeneration
Scrolls
 b - 2 scrolls of immolation
 d - 2 scrolls of identify {unknown}
 g - a scroll of poison {unknown}
 i - a scroll of teleportation {unknown}
Potions
 l - a potion of heal wounds {unknown}


   Skills:
 - Level 2.3 Fighting
 + Level 6.0 Ranged Weapons
 - Level 1.9 Dodging
 - Level 1.6 Stealth


You had 4 spell levels left.
You didn't know any spells.
Your spell library was empty.

Dungeon Overview and Level Annotations

Branches:
Dungeon (3/15)

Altars:
Dithmenos


Innate Abilities, Weirdness & Mutations

You cannot be hasted, slowed, berserked, paralysed or teleported.
You can dig through walls and to a lower floor.
You have a pair of large antennae on your head. (SInv)
Your four strong arms can wield two-handed weapons with a shield.


Message History

The gnoll hits you with a +0 club. The gnoll closely misses you.
The gnoll attacks as you move away! The gnoll closely misses you.
The gnoll attacks as you move away! The gnoll hits you but does no damage.
Found a pair of boots.
You shoot an arrow. The arrow barely misses the gnoll.
The gnoll barely misses you.
You shoot an arrow.
The arrow hits the gnoll but does no damage.
You shoot an arrow.
The arrow hits the gnoll but does no damage.
The gnoll hits you with a +1 flail of protection!
You shoot an arrow. The arrow closely misses the gnoll.
The gnoll hits you with a +0 club. The gnoll barely misses you.
The gnoll misses you. The gnoll closely misses you.
You shoot an arrow. The arrow hits the gnoll!
You kill the gnoll!
The gnoll hits you but does no damage.
The gnoll hits you with a +1 flail of protection.
The gnoll closely misses you.
The gnoll hits you from afar with a +0 spear!
Your Ranged Weapons skill increases to level 6!
Fire: a) +0 shortbow
Press: ? - help, Shift-Dir - straight line, f - gnoll
Aim: a gnoll, wielding a +1 flail of protection (69% to hit)
You shoot an arrow. The arrow closely misses the gnoll.
The gnoll hits you but does no damage. The gnoll barely misses you.
The gnoll hits you but does no damage.
The gnoll hits you with a +1 flail of protection!
* * * LOW HITPOINT WARNING * * *
Fire: a) +0 shortbow
Press: ? - help, Shift-Dir - straight line, f/p - gnoll
Aim: a gnoll, wielding a +1 flail of protection (69% to hit)
You shoot an arrow. The arrow barely misses the gnoll.
The gnoll hits you from afar with a +0 spear.
* * * LOW HITPOINT WARNING * * *
The gnoll hits you with a +1 flail of protection.
* * * LOW HITPOINT WARNING * * *
The gnoll hits you with a +1 flail of protection!
You die...

## > .# ##!
###.##[#.
....######........
)........#@#
......<.g)g#
....####†### ...
#.# .. #.#
...####.#####
............#
######..###.# #..#
#.#


You could see 2 gnolls.

Vanquished Creatures
  2 orc priests (D:3)
  2 gnolls (D:3)
  2 dart slugs
  2 orcs (D:3)
  4 bats
  2 endoplasms (D:1)
  A giant cockroach (D:1)
  5 goblins (D:1)
  4 hobgoblins
  2 quokkas
  3 ball pythons
  2 frilled lizards (D:2)
  2 kobolds
  4 rats
37 creatures vanquished.

Vanquished Creatures (others)
  3 plants (D:1)
3 creatures vanquished.

Grand Total: 40 creatures vanquished

Notes
Turn   | Place    | Note
-------+----------+-------------------------------------------
     0 | D:1      | Persephone the Formicid Hunter began the quest for the Orb.
     0 | D:1      | Reached XP level 1. HP: 16/16 MP: 1/1
   108 | D:1      | Reached XP level 2. HP: 23/23 MP: 2/2
   300 | D:1      | Reached XP level 3. HP: 24/28 MP: 3/3
   351 | D:1      | Found a faded altar of an unknown god.
   809 | D:2      | Found a shadowy altar of Dithmenos.
  1301 | D:3      | Reached skill level 5 in Ranged Weapons
  1301 | D:3      | Reached XP level 4. HP: 6/34 MP: 4/4
  1307 | D:3      | Reached XP level 5. HP: 3/39 MP: 5/5
  1560 | D:3      | Reached skill level 6 in Ranged Weapons
  1561 | D:3      | Slain by a gnoll

Illustrated notes

Levels and vault maps discovered:
D:1:      nicolae_arrival_washed_ashore, layout_loops_ring,
          shapermc_ecumenical_altar_mp_urbaneastern
D:2:      layout_basic, basic_altar
D:3:      layout_loops_ring, gammafunk_temple_overflow_statue

Skill      XL: |  1  2  3  4  5 |
---------------+----------------+-----
Ranged Weapons | 5 6 |  6.0
Fighting       | |  2.3
Dodging        | |  1.9
Stealth        | |  1.6

Action                     |  1- 3 |  4- 6 || total
---------------------------+-------+-------++-------
   Fire: Shortbow          |    82 |    24 ||   106
    Use: Potion            |       |     1 ||     1
 Armour: Leather armour    |     3 |       ||     3
         Plate armour      |    18 |    14 ||    32
         Skin              |       |     9 ||     9
  Dodge: Dodged            |    11 |    16 ||    27
